Map: Ruins of Seras

Players

qxc - Winner!

  • Race: Terran Terran
  • League: Master

RepMeaSt (Semper)

  • Race: Terran Terran
  • League: Master

Event: Lycan League Weekly August #2

VOD

Have the link to the VOD?

Description

Time

  • Played on: Aug. 10, 2015, 2:51 p.m.
  • Length: 8:49

All games in this series

Show
View Real Time Build Order
Export as new Build Order

qxc Terran - Winner!

Build Orders: Reaper Expand, Bio Tank, MMM Bio, Banshee Rush 

Get SALT Encoding   

  12  0:00  SCV  
  13  0:13  SCV  
  14  0:18  Supply Depot  
  14  0:25  SCV  
  15  0:32  Refinery  
  15  0:40  SCV  
  16  0:45  Barracks  
  16  0:52  SCV  
  17  1:04  SCV  
  18  1:16  SCV  
  19  1:31  Orbital Command  
  19  1:32  Reaper  
  20  1:47  Command Center  
  20  1:59  Factory  
  20  2:02  SCV  
  21  2:09  Reaper  
  21  2:13  Supply Depot  
  21  2:14  SCV  
  23  2:22  Refinery  
  23  2:34  SCV  
  24  2:41  Marine  
  25  2:46  SCV  
  25  2:47  Hellion  
  25  2:49  Starport  
  28  2:59  SCV  
  28  3:01  SCV  
  28  3:03  Marine  
  31  3:09  Hellion  
  31  3:11  SCV  
  33  3:16  Orbital Command  
  33  3:23  SCV  
  33  3:27  Starport Tech Lab  
  34  3:35  SCV  
  35  3:41  Supply Depot  
  35  3:45  Banshee, Cloaking Field  
  35  3:47  Factory Tech Lab, SCV x2  
  38  3:59  SCV  
  38  4:00  SCV  
  39  4:07  Siege Tank  
  41  4:11  SCV, Refinery  
  41  4:12  SCV, Barracks Tech Lab  
  43  4:20  Refinery  
  43  4:23  SCV  
  44  4:25  SCV  
  44  4:26  Barracks  
  44  4:27  Barracks  
  44  4:28  Banshee  
  48  4:35  SCV  
  48  4:37  SCV, Marine  
  51  4:39  Stimpack  
  51  4:42  Supply Depot  
  51  4:47  SCV  
  51  4:49  SCV  
  51  4:50  Engineering Bay  
  53  4:57  Marine  
  54  5:03  SCV x2, Siege Tank  
  59  5:10  Banshee  
  62  5:20  Supply Depot x2  
  62  5:21  Barracks Reactor x2  
  62  5:31  Supply Depot  
  62  5:32  Supply Depot  
  62  5:42  SCV x2, Siege Tank, Marine  
  68  5:54  SCV  
  69  5:59  Command Center, Banshee, Barracks, Marine  
  69  6:01  SCV, Barracks  
  74  6:09  Marine x4  
  78  6:14  SCV, Siege Tank  
  78  6:18  Terran Infantry Weapons Level 1  
  82  6:26  Marine  
  82  6:27  Marine x2  
  82  6:29  SCV  
  86  6:38  SCV  
  84  6:40  Combat Shields  
  84  6:46  Siege Tank  
  84  6:47  SCV  
  88  6:50  Barracks Reactor x2  
  88  6:51  Factory  
  88  6:52  Starport Reactor  
  88  6:53  Marine x3  
  88  6:54  Marine x2  
  92  6:56  SCV  
  92  6:59  SCV  
  90  7:09  SCV  
  90  7:11  Marine x3  
  90  7:12  SCV  
  90  7:13  Marine x2  
  94  7:16  SCV  
  94  7:18  Siege Tank  
  94  7:21  SCV  
  94  7:26  Marine  
  94  7:29  Medivac x2, Marine x3  
  102  7:30  SCV  
  102  7:31  Marine x2  
  102  7:36  Marine x3  
  103  7:37  SCV  
  103  7:38  SCV  
  103  7:44  Marine  
  103  7:47  Marine x3  
  103  7:48  Marine  
  103  7:49  Marine  
  101  7:53  Marine  
  101  7:54  Marine x2  
  98  8:01  SCV, Marine  
  98  8:04  Marine  
  98  8:05  Marine x2  
  101  8:06  Marine  
  101  8:13  Viking x2  
  101  8:15  Marine  
  106  8:20  SCV x2  
  106  8:23  Refinery  
  102  8:32  SCV  
Show
View Real Time Build Order
Export as new Build Order

RepMeaSt Terran 

Build Orders: Reaper Expand 

Get SALT Encoding   

  12  0:01  SCV  
  13  0:13  SCV  
  14  0:18  Supply Depot  
  14  0:25  SCV  
  15  0:30  Refinery  
  15  0:40  SCV  
  16  0:46  Barracks  
  16  0:52  SCV  
  17  1:04  SCV  
  18  1:16  SCV  
  19  1:32  Orbital Command  
  19  1:33  Reaper  
  20  1:47  Command Center  
  20  1:58  SCV  
  21  2:02  Factory  
  21  2:07  Barracks Reactor  
  21  2:11  SCV  
  21  2:15  Supply Depot  
  22  2:24  SCV  
  22  2:25  Refinery  
  23  2:37  SCV  
  24  2:45  Marine x2  
  24  2:47  Starport  
  24  2:51  Hellion  
  28  2:52  SCV  
  29  3:02  Marine  
  29  3:03  Marine  
  31  3:16  Factory Tech Lab  
  31  3:18  Orbital Command  
  31  3:19  SCV  
  32  3:23  Marine x2  
  32  3:27  Viking  
  36  3:31  SCV  
  36  3:38  Siege Tank  
  39  3:44  SCV  
  39  3:45  SCV  
  41  3:49  Engineering Bay  
  41  3:54  Marine x2  
  43  3:58  SCV  
  43  4:03  Viking  
  45  4:10  Supply Depot  
  45  4:18  Missile Turret  
  45  4:24  Missile Turret  
  45  4:27  SCV  
  45  4:28  Missile Turret  
  46  4:33  Siege Tank  
  49  4:42  SCV x2  
  51  4:48  Supply Depot  
  51  4:58  SCV x2  
  53  5:00  Viking  
  54  5:09  Viking  
  54  5:10  SCV x2  
  57  5:22  Supply Depot, SCV  
  57  5:23  Refinery  
  57  5:26  Supply Depot x2  
  57  5:27  SCV  
  57  5:43  SCV, Medivac x2  
  57  5:45  SCV  
  61  5:52  Command Center, Marine  
  61  5:56  SCV  
  61  6:00  SCV  
  61  6:05  Siege Tank  
  61  6:08  SCV  
  65  6:13  SCV  
  65  6:16  Barracks Tech Lab  
  66  6:21  SCV  
  64  6:27  SCV  
  65  6:33  SCV  
  65  6:39  Siege Tank  
  69  6:40  SCV  
  69  6:45  SCV, Viking x2  
  69  6:46  Marine  
  69  6:47  Stimpack  
  75  6:49  Barracks  
  75  6:52  SCV, Barracks  
  75  6:53  Supply Depot  
  76  6:55  Supply Depot  
  76  6:58  SCV  
  77  7:04  SCV  
  78  7:14  SCV, Marine  
  80  7:18  Supply Depot x2  
  79  7:32  Marine  
  79  7:36  Marine  
  78  7:46  Marine  
  78  7:49  Viking x2  
  78  7:50  Marine  
  78  7:54  Marine  
  68  8:05  SCV x2  
  71  8:08  Marine  
  73  8:15  Barracks Reactor x2  
  71  8:20  Command Center  
  71  8:25  Marine  

Tags
 
Add a new tag
Caveats
  • Supply blocks, unpowered buildings, or Contaminate may cause inaccurate times.
  • Supply counts are checked every 10 seconds.